[Event "48th Rilton Cup 2018"]
[Site "Stockholm"]
[Date "2018.12.28"]
[Round "2"]
[White "Santos Latasa, Jaime"]
[Black "Gorshtein, Ido"]
[Result "1-0"]
[ECO "B13"]
[WhiteElo "2584"]
[BlackElo "2384"]
[Annotator "ChessBase"]
[PlyCount "57"]
[EventDate "2018.12.27"]
[EventType "swiss"]
[EventCountry "SWE"]
[SourceTitle "playchess.com"]
[Source "ChessBase"]
[SourceQuality "1"]
[TimeControl "40/5400+30:1800+30"]

1. e4 c6 2. d4 d5 3. exd5 cxd5 4. Bd3 Nc6 5. c3 Qc7 6. Ne2 Bg4 7. O-O e6 8. Qe1 Nf6 9. Ng3 Bd6 10. h3 Bxg3 11. fxg3 Bh5 12. Bg5 Nd7 13. Nd2 O-O 14. g4 Bg6 15. Bxg6 hxg6 16. Nf3 b5 17. Kh1 Rae8 18. Bf4 Qb6 19. Bd6 Nxd4 20. Ng5 f6 21. Bxf8 Nc2 22. Qb1 Nxf8 23. Qxc2 fxg5 24. Rae1 Qd6 25. Qd2 Qe7 26. Qd3 a6 27. b3 Rd8 28. Qe3 Rc8 29. Rf3 1-0

[Event "48th Rilton Cup 2018"]
[Site "Stockholm"]
[Date "2018.12.28"]
[Round "2"]
[White "Gopal G.N."]
[Black "Akesson, Ralf"]
[Result "1-0"]
[ECO "B12"]
[WhiteElo "2582"]
[BlackElo "2368"]
[Annotator "ChessBase"]
[PlyCount "63"]
[EventDate "2018.12.27"]
[EventType "swiss"]
[EventCountry "SWE"]
[SourceTitle "playchess.com"]
[Source "ChessBase"]
[SourceQuality "1"]
[TimeControl "40/5400+30:1800+30"]

1. e4 c6 2. d4 d5 3. e5 Bf5 4. Nf3 e6 5. Be2 Nd7 6. O-O h6 7. Nbd2 Ne7 8. Nb3 Qc7 9. a4 a6 10. Bd2 c5 11. Nxc5 Nxc5 12. dxc5 Qxc5 13. Rc1 Nc6 14. Be3 Qa5 15. c4 dxc4 16. Rxc4 Be7 17. Qb3 Qc7 18. Nd4 O-O 19. Nxc6 bxc6 20. Qc3 Rac8 21. Rc1 Qb8 22. Bc5 Bxc5 23. Rxc5 Qb7 24. Bf3 Rb8 25. Rxc6 Qxb2 26. Qxb2 Rxb2 27. Rxa6 Rfb8 28. h3 Ra2 29. Ra7 Bc2 30. a5 Rb4 31. a6 Rf4 32. Rd7 1-0

[Event "48th Rilton Cup 2018"]
[Site "Stockholm"]
[Date "2018.12.28"]
[Round "2"]
[White "Heberla, Bartlomiej"]
[Black "Slugin, Sergey"]
[Result "1-0"]
[ECO "C77"]
[WhiteElo "2550"]
[BlackElo "2359"]
[Annotator "ChessBase"]
[PlyCount "45"]
[EventDate "2018.12.27"]
[EventType "swiss"]
[EventCountry "SWE"]
[SourceTitle "playchess.com"]
[Source "ChessBase"]
[SourceQuality "1"]
[TimeControl "40/5400+30:1800+30"]

1. e4 e5 2. Nf3 Nc6 3. Bb5 a6 4. Ba4 Nf6 5. d3 b5 6. Bb3 Bc5 7. O-O O-O 8. c3 Re8 9. Re1 Bb7 10. Nbd2 h6 11. Nf1 d5 12. exd5 Nxd5 13. d4 Bb6 14. dxe5 Nce7 15. Bc2 Ng6 16. Be4 Rb8 17. Qc2 Qd7 18. Ng3 Qe6 19. Bf5 Qc6 20. e6 Ngf4 21. Bxf4 Nxf4 22. Be4 Qc5 23. Bxb7 1-0

[Event "48th Rilton Cup 2018"]
[Site "Stockholm"]
[Date "2018.12.28"]
[Round "2"]
[White "Debashis, Das"]
[Black "Mikalsen, Erlend"]
[Result "0-1"]
[ECO "A20"]
[WhiteElo "2544"]
[BlackElo "2357"]
[Annotator "ChessBase"]
[PlyCount "79"]
[EventDate "2018.12.27"]
[EventType "swiss"]
[EventCountry "SWE"]
[SourceTitle "playchess.com"]
[Source "ChessBase"]
[SourceQuality "1"]
[TimeControl "40/5400+30:1800+30"]

1. c4 e5 2. d3 Nf6 3. Nf3 Nc6 4. a3 g6 5. b4 d6 6. Bb2 Bg7 7. e3 O-O 8. Be2 h6 9. Nc3 g5 10. O-O g4 11. Nd2 h5 12. Re1 Nh7 13. Bf1 h4 14. Nd5 f5 15. d4 Ne7 16. dxe5 dxe5 17. Qc2 c6 18. Nxe7+ Qxe7 19. c5 Ng5 20. Rad1 Be6 21. f4 gxf3 22. Nxf3 Nxf3+ 23. gxf3 Rad8 24. Bc4 h3 25. Kh1 Bxc4 26. Qxc4+ Qf7 27. Qe2 Qb3 28. Rd6 Rxd6 29. cxd6 Kf7 30. Rg1 Bf6 31. e4 f4 32. Rd1 Rg8 33. Rg1 Rxg1+ 34. Kxg1 Ke6 35. Kf1 Kxd6 36. Qd2+ Ke6 37. Ke2 Bh4 38. Qc1 Bd8 39. Ba1 Bb6 40. Qf1 0-1

[Event "48th Rilton Cup 2018"]
[Site "Stockholm"]
[Date "2018.12.28"]
[Round "2"]
[White "Lalith Babu M R"]
[Black "Ternault, Mathieu"]
[Result "1-0"]
[ECO "A46"]
[WhiteElo "2529"]
[BlackElo "2348"]
[Annotator "ChessBase"]
[PlyCount "79"]
[EventDate "2018.12.27"]
[EventType "swiss"]
[EventCountry "SWE"]
[SourceTitle "playchess.com"]
[Source "ChessBase"]
[SourceQuality "1"]
[TimeControl "40/5400+30:1800+30"]

1. d4 Nf6 2. Nf3 e6 3. c4 Nc6 4. g3 Bb4+ 5. Bd2 Bxd2+ 6. Qxd2 d5 7. Bg2 O-O 8. O-O dxc4 9. Rc1 Rb8 10. Rxc4 Qd6 11. Na3 b5 12. Rcc1 Rb6 13. Qd3 a6 14. e4 Qe7 15. e5 Nd5 16. Nb1 Rd8 17. Nbd2 Ndb4 18. Qe3 Nd5 19. Qe2 Qb4 20. Qd3 f5 21. a3 Qf8 22. Nb3 h6 23. Nc5 g5 24. Nb3 a5 25. h3 Nde7 26. Qc3 Nd5 27. Qd2 a4 28. Nc5 Nde7 29. Rd1 g4 30. hxg4 fxg4 31. Nh2 Nxd4 32. Kh1 Nef5 33. Ne4 Nc6 34. Qf4 Rb8 35. Nf6+ Kh8 36. Bxc6 b4 37. Nhxg4 bxa3 38. bxa3 Ba6 39. Nd7 Rxd7 40. Rxd7 1-0

[Event "48th Rilton Cup 2018"]
[Site "Stockholm"]
[Date "2018.12.28"]
[Round "2"]
[White "Santos Ruiz, Miguel"]
[Black "Krishna Teja, N."]
[Result "1-0"]
[ECO "B18"]
[WhiteElo "2523"]
[BlackElo "2340"]
[Annotator "ChessBase"]
[PlyCount "93"]
[EventDate "2018.12.27"]
[EventType "swiss"]
[EventCountry "SWE"]
[SourceTitle "playchess.com"]
[Source "ChessBase"]
[SourceQuality "1"]
[TimeControl "40/5400+30:1800+30"]

1. e4 c6 2. d4 d5 3. Nc3 dxe4 4. Nxe4 Bf5 5. Ng3 Bg6 6. h4 h6 7. Nf3 e6 8. Ne5 Bh7 9. Bd3 Bxd3 10. Qxd3 Nf6 11. Bd2 Nbd7 12. f4 c5 13. O-O-O cxd4 14. Ng6 Rg8 15. Nxf8 Nxf8 16. Bb4 Qb6 17. Qxd4 Qxd4 18. Rxd4 Rd8 19. Rc4 b6 20. Re1 Nd5 21. Bd2 Nd7 22. Ne4 Ke7 23. Rd4 Nb8 24. f5 Nc6 25. Rc4 Kd7 26. fxe6+ fxe6 27. Nc3 Rdf8 28. Rg4 g5 29. Nxd5 exd5 30. hxg5 hxg5 31. Rh1 Rf5 32. b3 d4 33. Kd1 b5 34. Rh7+ Kd6 35. Rh6+ Kd7 36. Rh7+ Kd6 37. Rh6+ Kd7 38. Re4 Rgf8 39. Ree6 Rf1+ 40. Be1 Nb4 41. a3 Na2 42. Ra6 Nc3+ 43. Kd2 R8f2+ 44. Kd3 Rxe1 45. Rxa7+ Ke8 46. Kxd4 Ne2+ 47. Ke4 1-0

[Event "48th Rilton Cup 2018"]
[Site "Stockholm"]
[Date "2018.12.28"]
[Round "2"]
[White "Thybo, Jesper Sondergaard"]
[Black "Tryggestad, Andreas Garberg"]
[Result "1-0"]
[ECO "A05"]
[WhiteElo "2519"]
[BlackElo "2333"]
[Annotator "ChessBase"]
[PlyCount "49"]
[EventDate "2018.12.27"]
[EventType "swiss"]
[EventCountry "SWE"]
[SourceTitle "playchess.com"]
[Source "ChessBase"]
[SourceQuality "1"]
[TimeControl "40/5400+30:1800+30"]

1. Nf3 Nf6 2. c4 g6 3. Nc3 d5 4. cxd5 Nxd5 5. Qb3 Nb6 6. d4 Bg7 7. e4 Bg4 8. Bb5+ c6 9. Ng5 O-O 10. Be2 Bxe2 11. Nxe2 N8d7 12. Qh3 h6 13. Nf3 Kh7 14. O-O c5 15. d5 Nc4 16. Bg5 Nde5 17. Nxe5 Nxe5 18. Rad1 c4 19. b3 Qc7 20. Kh1 Rfe8 21. f4 Nd3 22. bxc4 Nb2 23. Rc1 Nxc4 24. f5 Rf8 25. d6 1-0

[Event "48th Rilton Cup 2018"]
[Site "Stockholm"]
[Date "2018.12.28"]
[Round "2"]
[White "D`Costa, Lorin A R"]
[Black "Volkov, Sergey"]
[Result "0-1"]
[ECO "D00"]
[WhiteElo "2390"]
[BlackElo "2583"]
[Annotator "ChessBase"]
[PlyCount "88"]
[EventDate "2018.12.27"]
[EventType "swiss"]
[EventCountry "SWE"]
[SourceTitle "playchess.com"]
[Source "ChessBase"]
[SourceQuality "1"]
[TimeControl "40/5400+30:1800+30"]

1. d4 d5 2. Bf4 c5 3. e3 Nc6 4. c3 Nf6 5. Nd2 Bf5 6. Qb3 Qc8 7. Ngf3 c4 8. Qd1 e6 9. Be2 Be7 10. Ne5 Nxe5 11. Bxe5 O-O 12. a4 Nd7 13. Bg3 a6 14. a5 Qc6 15. O-O Rfc8 16. Re1 Bd6 17. Bxd6 Qxd6 18. b3 cxb3 19. Qxb3 e5 20. Bf3 Be6 21. Rec1 Rc7 22. Qb4 Qxb4 23. cxb4 Rac8 24. Nb3 Rxc1+ 25. Rxc1 Rxc1+ 26. Nxc1 exd4 27. exd4 Nb8 28. Nb3 Nc6 29. Nc5 Nxd4 30. Nxb7 Nc6 31. Nc5 Nxb4 32. Kf1 Kf8 33. Be2 Bc8 34. Nd3 Nxd3 35. Bxd3 Ke7 36. Ke2 Kd6 37. Bxh7 g6 38. h4 Ke5 39. h5 gxh5 40. Ke3 d4+ 41. Kd3 h4 42. Be4 Bd7 43. Bb7 Bb5+ 44. Kd2 Bc4 0-1

[Event "48th Rilton Cup 2018"]
[Site "Stockholm"]
[Date "2018.12.28"]
[Round "2"]
[White "Schekachikhin, Maksim"]
[Black "Yeoh, Li Tian"]
[Result "0-1"]
[ECO "A77"]
[WhiteElo "2368"]
[BlackElo "2508"]
[Annotator "ChessBase"]
[PlyCount "78"]
[EventDate "2018.12.27"]
[EventType "swiss"]
[EventCountry "SWE"]
[SourceTitle "playchess.com"]
[Source "ChessBase"]
[SourceQuality "1"]
[TimeControl "40/5400+30:1800+30"]

1. d4 Nf6 2. c4 c5 3. d5 e6 4. Nc3 exd5 5. cxd5 d6 6. Nf3 g6 7. Nd2 Bg7 8. e4 O-O 9. Be2 Re8 10. O-O Nbd7 11. a4 a6 12. Ra3 Rb8 13. a5 Ne5 14. Qc2 g5 15. Nd1 Ng6 16. Ne3 Nf4 17. Bd1 h5 18. f3 Nd7 19. Nf5 Bd4+ 20. Kh1 Ne5 21. g3 Nh3 22. Kg2 g4 23. Nxd4 cxd4 24. f4 Ng6 25. Qd3 Bd7 26. Ba4 Rc8 27. Nc4 Rxc4 28. Qxc4 Rxe4 29. Bxd7 Qxd7 30. Kh1 Qe8 31. Bd2 h4 32. Qd3 Re2 33. Qxd4 Rxh2+ 34. Kxh2 Qe2+ 35. Rf2 Nxf2 36. Re3 Qf1 37. Re8+ Kh7 38. Re1 Qh3+ 39. Kg1 hxg3 0-1

[Event "48th Rilton Cup 2018"]
[Site "Stockholm"]
[Date "2018.12.29"]
[Round "3"]
[White "Kobalia, Mikhail"]
[Black "Lalith Babu M R"]
[Result "1/2-1/2"]
[ECO "C80"]
[WhiteElo "2620"]
[BlackElo "2529"]
[Annotator "ChessBase"]
[PlyCount "68"]
[EventDate "2018.12.27"]
[EventType "swiss"]
[EventCountry "SWE"]
[SourceTitle "playchess.com"]
[Source "ChessBase"]
[SourceQuality "1"]
[TimeControl "40/5400+30:1800+30"]

1. e4 e5 2. Nf3 Nc6 3. Bb5 a6 4. Ba4 Nf6 5. O-O Nxe4 6. d4 b5 7. Bb3 d5 8. dxe5 Be6 9. Nbd2 Be7 10. c3 O-O 11. Re1 Nc5 12. Nd4 Nxd4 13. cxd4 Nd3 14. Re3 Nf4 15. Nf3 Bg4 16. h3 Bh5 17. Rc3 Ne6 18. Be3 a5 19. g4 Bg6 20. Bc2 Bb4 21. Rb3 f5 22. exf6 Bxc2 23. Qxc2 Qxf6 24. Ne5 c5 25. Nd7 Qf7 26. Nxf8 Rxf8 27. a3 c4 28. axb4 cxb3 29. Qc6 Ng5 30. Bxg5 Qxf2+ 31. Kh1 Qf3+ 32. Kh2 Qe2+ 33. Kg1 Qf2+ 34. Kh1 Qf3+ 1/2-1/2

[Event "48th Rilton Cup 2018"]
[Site "Stockholm"]
[Date "2018.12.29"]
[Round "3"]
[White "Donchenko, Alexander"]
[Black "Limanovska, Elizabete"]
[Result "1-0"]
[ECO "B92"]
[WhiteElo "2604"]
[BlackElo "2071"]
[Annotator "ChessBase"]
[PlyCount "81"]
[EventDate "2018.12.27"]
[EventType "swiss"]
[EventCountry "SWE"]
[SourceTitle "playchess.com"]
[Source "ChessBase"]
[SourceQuality "1"]
[TimeControl "40/5400+30:1800+30"]

1. e4 c5 2. Nf3 d6 3. d4 cxd4 4. Nxd4 Nf6 5. Nc3 a6 6. Be2 e5 7. Nf3 h6 8. Nd2 Nc6 9. Nc4 Nd4 10. a4 Be6 11. a5 Nxe2 12. Qxe2 Bxc4 13. Qxc4 Rc8 14. Qd3 Qc7 15. O-O Be7 16. Qg3 g5 17. Bd2 Qd7 18. Rfe1 Nh5 19. Qd3 Nf4 20. Bxf4 gxf4 21. Nd5 Bd8 22. c4 Rg8 23. f3 h5 24. b4 h4 25. Kh1 h3 26. Rg1 hxg2+ 27. Rxg2 Rxg2 28. Kxg2 Qe6 29. Rg1 Qh6 30. Kh1 Qh8 31. Qb3 Bh4 32. Rg4 Kf8 33. Kg2 Re8 34. Qc3 Qh5 35. c5 Rc8 36. Nb6 Rc6 37. Qd3 Qh6 38. Qd5 Bd8 39. Nd7+ Ke7 40. Nb8 Rc7 41. Rg8 1-0

[Event "48th Rilton Cup 2018"]
[Site "Stockholm"]
[Date "2018.12.29"]
[Round "3"]
[White "Volkov, Sergey"]
[Black "Thybo, Jesper Sondergaard"]
[Result "1/2-1/2"]
[ECO "E25"]
[WhiteElo "2583"]
[BlackElo "2519"]
[Annotator "ChessBase"]
[PlyCount "61"]
[EventDate "2018.12.27"]
[EventType "swiss"]
[EventCountry "SWE"]
[SourceTitle "playchess.com"]
[Source "ChessBase"]
[SourceQuality "1"]
[TimeControl "40/5400+30:1800+30"]

1. d4 Nf6 2. c4 e6 3. Nc3 Bb4 4. f3 d5 5. a3 Bxc3+ 6. bxc3 c5 7. cxd5 Nxd5 8. dxc5 Qa5 9. e4 Ne7 10. Be3 O-O 11. Qb3 Qc7 12. Bb5 Nec6 13. Nh3 Na5 14. Qa4 e5 15. Nf2 a6 16. Be2 b5 17. Qc2 Be6 18. Nd3 Nd7 19. O-O Bb3 20. Qb1 Bc4 21. a4 Nxc5 22. axb5 axb5 23. Nxc5 Bxe2 24. Re1 Bc4 25. Rd1 Rfd8 26. Rxd8+ Qxd8 27. Qe1 Nb3 28. Rxa8 Qxa8 29. Nxb3 Bxb3 30. h3 Qd8 31. Qd2 1/2-1/2

[Event "48th Rilton Cup 2018"]
[Site "Stockholm"]
[Date "2018.12.29"]
[Round "3"]
[White "Sengupta, Deep"]
[Black "Vestby-Ellingsen, Mads"]
[Result "1/2-1/2"]
[ECO "B47"]
[WhiteElo "2565"]
[BlackElo "2358"]
[Annotator "ChessBase"]
[PlyCount "109"]
[EventDate "2018.12.27"]
[EventType "swiss"]
[EventCountry "SWE"]
[SourceTitle "playchess.com"]
[Source "ChessBase"]
[SourceQuality "1"]
[TimeControl "40/5400+30:1800+30"]

1. e4 c5 2. Nf3 e6 3. d4 cxd4 4. Nxd4 Nc6 5. Nc3 Qc7 6. Be2 Nf6 7. O-O Be7 8. Be3 d6 9. f4 O-O 10. Kh1 Nxd4 11. Qxd4 b6 12. Bf3 Bb7 13. Nb5 Qb8 14. c4 a6 15. Nc3 b5 16. cxb5 axb5 17. a3 Rd8 18. Rfd1 d5 19. e5 Ne4 20. Bxe4 dxe4 21. Qb6 Bd5 22. Qxb5 Qxb5 23. Nxb5 Rab8 24. a4 h6 25. Kg1 Kh7 26. Rac1 Bb3 27. Rxd8 Bxd8 28. Nd6 f5 29. Rc8 Rxc8 30. Nxc8 Bxa4 31. b4 Kg8 32. Bc5 Bc7 33. Kf2 Kf7 34. Ke3 Bd7 35. Na7 Bb8 36. Kd4 Bxa7 37. Bxa7 Ba4 38. Kc4 Ke8 39. b5 Kd7 40. Be3 Bd1 41. Kc5 Bb3 42. Bd2 Ba2 43. Kd4 h5 44. Bb4 g6 45. Bc5 Bb3 46. h3 Bd5 47. g3 Ba8 48. Kc4 Bd5+ 49. Kb4 Ba8 50. Be3 Bd5 51. Kc5 Ba8 52. Kb6 Kc8 53. Ka7 Bd5 54. Bc5 Bb7 55. Be3 1/2-1/2

[Event "48th Rilton Cup 2018"]
[Site "Stockholm"]
[Date "2018.12.29"]
[Round "3"]
[White "Kulaots, Kaido"]
[Black "Gholami, Aryan"]
[Result "0-1"]
[ECO "B12"]
[WhiteElo "2555"]
[BlackElo "2488"]
[Annotator "ChessBase"]
[PlyCount "56"]
[EventDate "2018.12.27"]
[EventType "swiss"]
[EventCountry "SWE"]
[SourceTitle "playchess.com"]
[Source "ChessBase"]
[SourceQuality "1"]
[TimeControl "40/5400+30:1800+30"]

1. e4 c6 2. d4 d5 3. e5 Bf5 4. Nf3 e6 5. Be2 Ne7 6. c3 Nd7 7. O-O h6 8. Na3 a6 9. Nc2 c5 10. dxc5 Nxc5 11. Ncd4 Be4 12. Be3 Ng6 13. b4 Nd7 14. Nd2 Ngxe5 15. f4 Nc6 16. Nxe4 dxe4 17. Nxe6 fxe6 18. Bh5+ Ke7 19. f5 Nce5 20. Qb3 exf5 21. Rxf5 Qc7 22. Bf7 Qc6 23. Rd1 g6 24. Rf4 Rc8 25. Rxe4 Bg7 26. Rd5 Rhf8 27. Bc5+ Nxc5 28. Rxc5 Qb6 0-1

[Event "48th Rilton Cup 2018"]
[Site "Stockholm"]
[Date "2018.12.29"]
[Round "3"]
[White "Hillarp Persson, Tiger"]
[Black "Nabaty, Tamir"]
[Result "0-1"]
[ECO "A06"]
[WhiteElo "2546"]
[BlackElo "2670"]
[Annotator "ChessBase"]
[PlyCount "66"]
[EventDate "2018.12.27"]
[EventType "swiss"]
[EventCountry "SWE"]
[SourceTitle "playchess.com"]
[Source "ChessBase"]
[SourceQuality "1"]
[TimeControl "40/5400+30:1800+30"]

1. Nf3 d5 2. g3 g6 3. Bg2 Bg7 4. c4 dxc4 5. Na3 e5 6. O-O Nc6 7. Nxc4 Nge7 8. d3 O-O 9. Rb1 a5 10. b3 Be6 11. Bb2 f6 12. a3 Qd7 13. Re1 Rad8 14. Rc1 Bh6 15. Ncd2 Nf5 16. Rc2 Qf7 17. Qb1 Rfe8 18. e3 Rd7 19. Ba1 Bf8 20. g4 Nd6 21. g5 Bf5 22. Rxc6 bxc6 23. gxf6 Qxf6 24. e4 Bg4 25. d4 Nf7 26. dxe5 Qf4 27. Qb2 Bg7 28. e6 Bxb2 29. exd7 Rd8 30. Bxb2 Rxd7 31. Bc1 Ne5 32. Nxe5 Qxe5 33. h3 Bh5 0-1

[Event "48th Rilton Cup 2018"]
[Site "Stockholm"]
[Date "2018.12.29"]
[Round "3"]
[White "Urkedal, Frode Olav Olsen"]
[Black "Dahl, Trygve"]
[Result "1-0"]
[ECO "E11"]
[WhiteElo "2537"]
[BlackElo "2342"]
[Annotator "ChessBase"]
[PlyCount "53"]
[EventDate "2018.12.27"]
[EventType "swiss"]
[EventCountry "SWE"]
[SourceTitle "playchess.com"]
[Source "ChessBase"]
[SourceQuality "1"]
[TimeControl "40/5400+30:1800+30"]

1. d4 Nf6 2. Nf3 e6 3. c4 Bb4+ 4. Nbd2 b6 5. a3 Bxd2+ 6. Qxd2 Bb7 7. e3 O-O 8. b4 d6 9. Bb2 Nbd7 10. Be2 Qe7 11. O-O Ne4 12. Qc2 f5 13. Rad1 Rae8 14. d5 e5 15. Ne1 Rf6 16. f3 Ng5 17. Kh1 Qf7 18. f4 Ne4 19. Bf3 Rh6 20. fxe5 Nxe5 21. Bxe4 Ng4 22. Rxf5 Qe7 23. Qc3 Bc8 24. Rf4 Rf8 25. Kg1 Rxf4 26. exf4 Rxh2 27. Nf3 1-0

[Event "48th Rilton Cup 2018"]
[Site "Stockholm"]
[Date "2018.12.29"]
[Round "3"]
[White "Yeoh, Li Tian"]
[Black "Lagarde, Maxime"]
[Result "1/2-1/2"]
[ECO "B22"]
[WhiteElo "2508"]
[BlackElo "2616"]
[Annotator "ChessBase"]
[PlyCount "82"]
[EventDate "2018.12.27"]
[EventType "swiss"]
[EventCountry "SWE"]
[SourceTitle "playchess.com"]
[Source "ChessBase"]
[SourceQuality "1"]
[TimeControl "40/5400+30:1800+30"]

1. e4 c5 2. c3 d5 3. exd5 Qxd5 4. d4 Nc6 5. Nf3 Bf5 6. Be3 cxd4 7. Nxd4 Nf6 8. Nxf5 Qxf5 9. Bd3 Qd5 10. O-O O-O-O 11. Be2 Qxd1 12. Rxd1 Rxd1+ 13. Bxd1 Nd5 14. Bc1 e6 15. Nd2 Be7 16. Nb3 Rd8 17. Be2 e5 18. Bd2 f5 19. f3 Nb6 20. Rd1 a5 21. Kf1 a4 22. Na1 Kc7 23. Nc2 g6 24. Ke1 Bc5 25. Be3 Rxd1+ 26. Kxd1 Kd6 27. b4 axb3 28. axb3 Nd5 29. Bxc5+ Kxc5 30. Kd2 Kd6 31. Ne3 Na5 32. Nc4+ Nxc4+ 33. Bxc4 Nf6 34. Kd3 g5 35. b4 h5 36. Bf7 h4 37. h3 Nd5 38. Bxd5 Kxd5 39. c4+ Kd6 40. Ke3 Kc6 41. Kd3 Kd6 {[%emt 0:30:36] Kd4 Ke7+ Kd3} 1/2-1/2

[Event "48th Rilton Cup 2018"]
[Site "Stockholm"]
[Date "2018.12.29"]
[Round "3"]
[White "Valsecchi, Alessio"]
[Black "Gajewski, Grzegorz"]
[Result "1/2-1/2"]
[ECO "D37"]
[WhiteElo "2497"]
[BlackElo "2598"]
[Annotator "ChessBase"]
[PlyCount "61"]
[EventDate "2018.12.27"]
[EventType "swiss"]
[EventCountry "SWE"]
[SourceTitle "playchess.com"]
[Source "ChessBase"]
[SourceQuality "1"]
[TimeControl "40/5400+30:1800+30"]

1. d4 Nf6 2. c4 e6 3. Nf3 d5 4. Nc3 Nbd7 5. e3 b6 6. cxd5 exd5 7. Bd3 Bb7 8. O-O Bd6 9. Qc2 c5 10. e4 c4 11. e5 cxd3 12. Qxd3 Be7 13. exf6 Nxf6 14. Qb5+ Kf8 15. Ne5 Ne4 16. a4 Nxc3 17. bxc3 f6 18. Nd3 Kf7 19. Nf4 Bd6 20. a5 Qe8 21. Qb3 Bxf4 22. Bxf4 Qc6 23. Rfb1 Rhe8 24. axb6 axb6 25. Rxa8 Rxa8 26. h3 Ba6 27. Qxb6 Qxb6 28. Rxb6 Bd3 29. Rb7+ Kg8 30. Rb8+ Rxb8 31. Bxb8 1/2-1/2

[Event "48th Rilton Cup 2018"]
[Site "Stockholm"]
[Date "2018.12.29"]
[Round "3"]
[White "Zumsande, Martin"]
[Black "Furhoff, Johan"]
[Result "1-0"]
[ECO "C50"]
[WhiteElo "2490"]
[BlackElo "2332"]
[Annotator "ChessBase"]
[PlyCount "103"]
[EventDate "2018.12.27"]
[EventType "swiss"]
[EventCountry "SWE"]
[SourceTitle "playchess.com"]
[Source "ChessBase"]
[SourceQuality "1"]
[TimeControl "40/5400+30:1800+30"]

1. e4 e5 2. Nf3 Nc6 3. Bc4 Bc5 4. d3 Nf6 5. O-O O-O 6. a4 a6 7. c3 d6 8. Bg5 h6 9. Bh4 g5 10. Bg3 Bg4 11. Nbd2 Nh5 12. Kh1 Nf4 13. h3 Bh5 14. Bxf4 gxf4 15. g4 fxg3 16. fxg3 Kg7 17. Qe1 Bg6 18. Nh4 Ne7 19. g4 c6 20. Qg3 d5 21. Ba2 f6 22. Rf3 Qd6 23. Raf1 Rad8 24. Re1 Bh7 25. Nf1 b5 26. Qg2 dxe4 27. dxe4 bxa4 28. Bc4 Bg8 29. Nf5+ Nxf5 30. gxf5+ Kh8 31. Qg6 Rd7 32. Rd3 Bxc4 33. Rxd6 Bxd6 34. Ne3 Rg7 35. Qh5 Bb3 36. Ng4 Rh7 37. Rg1 Bc2 38. Nf2 Bc5 39. Rc1 Bb3 40. Ng4 Be7 41. Ne3 Bf7 42. Qe2 Rg8 43. Rg1 Rhg7 44. Rxg7 Rxg7 45. Kh2 h5 46. Ng2 Bc5 47. Qxa6 Bf2 48. Qxc6 Bb3 49. Qxf6 Bg3+ 50. Kh1 Bc2 51. Qh6+ Kg8 52. f6 1-0

[Event "48th Rilton Cup 2018"]
[Site "Stockholm"]
[Date "2018.12.29"]
[Round "3"]
[White "Libiszewski, Fabien"]
[Black "Murzin, Volodar"]
[Result "1-0"]
[ECO "B23"]
[WhiteElo "2481"]
[BlackElo "2336"]
[Annotator "ChessBase"]
[PlyCount "91"]
[EventDate "2018.12.27"]
[EventType "swiss"]
[EventCountry "SWE"]
[SourceTitle "playchess.com"]
[Source "ChessBase"]
[SourceQuality "1"]
[TimeControl "40/5400+30:1800+30"]

1. e4 c5 2. Nc3 d6 3. d4 cxd4 4. Qxd4 Nc6 5. Qd2 Nf6 6. b3 e5 7. Bb2 Be7 8. O-O-O O-O 9. Kb1 Be6 10. f3 Rc8 11. Nge2 a6 12. g4 b5 13. Nd5 Bxd5 14. exd5 Nb8 15. g5 Nfd7 16. h4 Nb6 17. f4 f6 18. Bh3 N8d7 19. fxe5 fxe5 20. Ng3 Nc5 21. Bxc8 Qxc8 22. Qe2 Qb7 23. Ne4 Nxe4 24. Qxe4 Rf4 25. Qg2 Qc8 26. Bc1 Qg4 27. Qxg4 Rxg4 28. Be3 Nc8 29. Kc1 Bd8 30. Rdg1 Re4 31. Kd2 Bb6 32. Rg3 Bxe3+ 33. Rxe3 Rf4 34. Rc3 Ne7 35. Kc1 Kf8 36. Rc7 Nxd5 37. Rd7 Nb4 38. a3 Nc6 39. Rxd6 Nd4 40. Re1 Nf3 41. Re3 e4 42. Rxa6 Rxh4 43. Rb6 Nd4 44. Rb7 Rg4 45. Kb2 Rg2 46. Rc3 1-0

[Event "48th Rilton Cup 2018"]
[Site "Stockholm"]
[Date "2018.12.29"]
[Round "3"]
[White "Hauge, Lars Oskar"]
[Black "Karthikeyan, Murali"]
[Result "0-1"]
[ECO "E35"]
[WhiteElo "2466"]
[BlackElo "2591"]
[Annotator "ChessBase"]
[PlyCount "98"]
[EventDate "2018.12.27"]
[EventType "swiss"]
[EventCountry "SWE"]
[SourceTitle "playchess.com"]
[Source "ChessBase"]
[SourceQuality "1"]
[TimeControl "40/5400+30:1800+30"]

1. d4 Nf6 2. c4 e6 3. Nc3 Bb4 4. Qc2 d5 5. cxd5 exd5 6. Bg5 h6 7. Bh4 c5 8. dxc5 g5 9. Bg3 Ne4 10. Bxb8 Bxc3+ 11. bxc3 Rxb8 12. e3 Qf6 13. Nf3 O-O 14. Bd3 Nxc5 15. Nd4 Bd7 16. O-O Rbc8 17. Rac1 Rfe8 18. Qe2 a6 19. Rfd1 b5 20. Bb1 Rc7 21. Qd2 Rec8 22. Ne2 Be6 23. Bc2 h5 24. f4 Bg4 25. h3 Bxe2 26. Qxe2 Ne6 27. Rxd5 Rxc3 28. fxg5 Qe7 29. Rd2 Qxg5 30. Re1 R8c5 31. Qf2 Rc7 32. Bb3 Rc1 33. Rdd1 Rxd1 34. Rxd1 h4 35. Rf1 Qg3 36. Qd2 Ng5 37. Kh1 Qe5 38. Bc2 Kg7 39. Rf5 Qa1+ 40. Kh2 f6 41. Qd8 Ne6 42. Qd3 Qc3 43. Rf2 Qxd3 44. Bxd3 Rc3 45. Bf5 Rxe3 46. Bxe6 Rxe6 47. Rf4 Rc6 48. Rg4+ Kf7 49. Rxh4 Rc2 0-1

[Event "48th Rilton Cup 2018"]
[Site "Stockholm"]
[Date "2018.12.29"]
[Round "3"]
[White "Lyrberg, Patrik"]
[Black "Santos Latasa, Jaime"]
[Result "1/2-1/2"]
[ECO "A22"]
[WhiteElo "2440"]
[BlackElo "2584"]
[Annotator "ChessBase"]
[PlyCount "101"]
[EventDate "2018.12.27"]
[EventType "swiss"]
[EventCountry "SWE"]
[SourceTitle "playchess.com"]
[Source "ChessBase"]
[SourceQuality "1"]
[TimeControl "40/5400+30:1800+30"]

1. c4 e5 2. Nc3 Nf6 3. g3 d5 4. cxd5 Nxd5 5. Bg2 Nb6 6. e3 g6 7. Nge2 Bg7 8. d4 exd4 9. exd4 O-O 10. O-O c6 11. b4 Be6 12. b5 Nd5 13. Ne4 cxb5 14. Nc5 Nc6 15. Nxe6 fxe6 16. Nf4 Nxf4 17. Bxf4 Qxd4 18. Qe2 Qc4 19. Qxc4 bxc4 20. Rab1 Rf7 21. Rfe1 Nd8 22. Bh3 c3 23. Rxe6 Nxe6 24. Bxe6 b6 25. Rd1 Re8 26. Bb3 Bf8 27. Rd7 Ree7 28. Rd3 g5 29. Bxg5 Rc7 30. Rf3 Bb4 31. Kf1 Kg7 32. Rxf7+ Rxf7 33. Bxf7 Kxf7 34. Ke2 Bc5 35. f3 b5 36. Kd3 b4 37. Kc4 Be7 38. Be3 a5 39. Kb3 Bd8 40. a3 bxa3 41. Bd4 Ke6 42. Bxc3 Kd5 43. g4 Bc7 44. h4 Bf4 45. Kxa3 Kc4 46. Bf6 Kd3 47. g5 Ke2 48. h5 Kxf3 49. h6 Bxg5 50. Bxg5 Kg4 51. Bf6 1/2-1/2